 Dungeon Crawl Stone Soup version 0.28.0-1-gb440e238dd (webtiles) character file.

Game seed: 4036233023843482913

15 Snicker the Sneak (level 2, 0/24 HPs)
             Began as a Demonspawn Delver on Feb 20, 2022.
             Slain by a worm (7 damage)
             ... on level 4 of the Dungeon.
             The game lasted 00:00:51 (525 turns).

Snicker the Sneak (Demonspawn Delver)                Turns: 525, Time: 00:00:52

Health: 0/24       AC:  3    Str: 12    XL:     2   Next: 34%
Magic:  2/2        EV: 11    Int: 11    God:
Gold:   9          SH:  4    Dex: 14    Spells: 1/1 levels left

rFire   . . .      SeeInvis .   a - +0 short sword
rCold   . . .      Faith    .   (no shield)
rNeg    . . .      Spirit   .   b - +0 leather armour
rPois   .          Reflect  .   (no helmet)
rElec   .          Harm     .   (no cloak)
rCorr   .          Rampage  .   (no gloves)
Will    .....                   (no boots)
Stlth   +++.......              (no amulet)
HPRegen 0.08/turn               (no ring)
MPRegen 0.08/turn               (no ring)

@: no status effects
A: condensation shield
a: no special abilities


You were on level 4 of the Dungeon.
You visited 1 branch of the dungeon, and saw 3 of its levels.

You collected 9 gold pieces.

Inventory:

Hand Weapons
 a - a +0 short sword (weapon)
Armour
 b - a +0 leather armour (worn)
Wands
 g - a wand of digging (3)
Scrolls
 c - a scroll of fog
 d - a scroll of magic mapping
 e - a scroll of fear
 h - 2 scrolls of identify {unknown}
Potions
 f - a potion of haste


   Skills:
 + Level 3.0 Fighting
 * Level 1.8 Short Blades
 + Level 1.8 Dodging
 * Level 5.0 Stealth


You had one spell level left.
You didn't know any spells.
Your spell library contained the following spells:

 Spells                   Type           Power      Damage    Failure   Level
 Gell's Gravitas          Tloc           0%         N/A       80%         3
 Lesser Beckoning         Tloc           0%         N/A       80%         3
 Teleport Other           Tloc           0%         N/A       80%         3


Dungeon Overview and Level Annotations

Branches:
Dungeon (6/15)
 Temple: D:4-7

Altars:


Innate Abilities, Weirdness & Mutations

A meltable shield of frost defends you. (SH +4)


Message History

The worm is moderately wounded.
You hit the worm.
The worm is moderately wounded.
The worm barely misses you.
You hit the worm but do no damage.
The worm is moderately wounded.
The worm closely misses you.
Okay, then.
Unknown command.
Okay, then.
Unknown command.
Unknown command.
You hit the worm.
The worm is heavily wounded.
You barely miss the worm.
The worm is heavily wounded.
The worm barely misses you.
You hit the worm.
The worm is heavily wounded.
You hit the worm but do no damage.
The worm is heavily wounded.
The worm closely misses you.
You hit the worm.
The worm is severely wounded.
You block the worm's attack.
You barely miss the worm.
The worm is severely wounded.
You hit the worm but do no damage.
The worm is severely wounded.
The worm bites you.
* * * LOW HITPOINT WARNING * * *
You hit the worm.
The worm is severely wounded.
You hit the worm.
The worm is severely wounded.
You block the worm's attack.
You barely miss the worm.
The worm is severely wounded.
The worm bites you!
You die...

#...........# #...........##
########### #............#
#......>... #............#
#..........
#............######..........
#.....$..w........รท..........
#............#.......######+#
####......##w#.......#
...##.##.##@#.......# ...
#.##....#.......# ..
##......###'######
+...........# ##.###..##### #.
#..# # #..####### #.........
#.#######.


You could see a worm.

Vanquished Creatures
  A hound skeleton (D:4)
  A ball python (D:4)
  An endoplasm (D:4)
3 creatures vanquished.

Notes
Turn   | Place    | Note
-------+----------+-------------------------------------------
     0 | D:5      | Snicker the Demonspawn Delver began the quest for the Orb.
     0 | D:5      | Reached XP level 1. HP: 18/18 MP: 1/1
    25 | D:6      | Noticed an ogre
    64 | D:5      | Noticed a sky beast
   105 | D:5      | Noticed an iguana
   317 | D:4      | Reached skill level 5 in Stealth
   317 | D:4      | Gained mutation: A meltable shield of frost defends you.
                  | (SH +4) [demonic ancestry]
   317 | D:4      | Reached XP level 2. HP: 18/24 MP: 2/2
   525 | D:4      | Slain by a worm

Illustrated notes

Levels and vault maps discovered:
D:4:      layout_basic, kennysheep_little_box, amcnicky_altar_gilded,
          temple_statues
D:5:      layout_loops_ring, yredelemnul_altar_generic,
          nicolae_overflow_squiral, grunt_ministairs_2
D:6:      layout_rooms, lemuel_crystal_altar, lemuel_tele_altar,
          grunt_gozag_breadcrumbs

Skill      XL: |  1 |
---------------+----+-----
Stealth        | 5 |  5.0
Fighting       | |  3.0
Short Blades   | |  1.8
Dodging        | |  1.8

Action                   || total
-------------------------++-------
Melee: Short sword       ||    34
       Punch             ||     1
 Stab: Sleeping          ||     1
Armor: Leather armour    ||     4
Dodge: Dodged            ||    10
Block: Other             ||     4
